 Dungeon Crawl Stone Soup version 0.27-a0-1525-g1038ab4fd7 (webtiles) character file.

Game seed: 10347606588164070230

160405 dolemite99 the Anamnesiscian (level 17, -1/119 HPs)
             Began as a Gnoll Conjurer on July 10, 2021.
             Was an Elder of Hepliaklqana.
             Slain by a naga warrior (47 damage)
             ... on level 3 of the Snake Pit.
             The game lasted 01:41:55 (53999 turns).

dolemite99 the Anamnesiscian (Gnoll Conjurer)      Turns: 53999, Time: 01:41:55

Health: -1/119     AC: 20    Str:  9    XL:     17   Next: 76%
Magic:  26/33      EV: 13    Int: 25    God:    Hepliaklqana [****..]
Gold:   24         SH: 12    Dex: 18    Spells: 1/41 levels left

rFire    + . .     SeeInvis .   b - +2 fustibalus
rCold    . . .     Faith    .   T - +0 kite shield
rNeg     . . .     Spirit   .   s - +5 ring mail {Will+}
rPois    .         Reflect  .   M - +2 helmet
rElec    .         Harm     .   V - scarf {repulsion}
rCorr    .         Rampage  .   (no gloves)
Will     ++...                  (no boots)
Stlth    +++++.....             m - amulet of the acrobat
HPRegen  0.29/turn              p - ring "Nemmoudo" {rF+ Int+4 Dex+6}
MPRegen  0.23/turn              k - +4 ring of protection {=R}

@: lethally poisoned (-1 -> -8), acrobatic, constricted, studying Long Blades,
repel missiles
A: reduced essence, fangs 1, strong nose, distributed training
a: Renounce Religion, Recall Ancestor, Ancestor Identity, Transference, Idealise


You were on level 3 of the Snake Pit.
You worshipped Hepliaklqana.
Hepliaklqana was greatly pleased with you.
You visited 6 branches of the dungeon, and saw 30 of its levels.

You collected 2531 gold pieces.
You spent 2507 gold pieces at shops.

Inventory:

Hand Weapons
 b - a +2 fustibalus (weapon)
 c - the +7 rapier "Ziat" {flame, Int+3}
   (You bought it in a shop on level 2 of the Orcish Mines)

   It has been specially enchanted to burn those struck by it, causing extra
   injury to most foes and up to half again as much damage against particularly
   susceptible opponents.
   Int:       It affects your intelligence (+3).
 i - the +2 long sword of the Howling Badger {vamp, rN++ Int+3}
   (You took it off a centaur warrior on level 13 of the Dungeon)

   It inflicts no extra harm, but heals its wielder when it wounds a living foe.
   Int:       It affects your intelligence (+3).
   rN:        It greatly protects you from negative energy.
 n - a +4 scimitar of flaming
 q - the +5 short sword of Noteing {holy, +Blink rElec Int+2}
   (You took it off a meliai on level 13 of the Dungeon)

   It has been blessed by the Shining One to cause great damage to the undead
   and demons.
   Int:       It affects your intelligence (+2).
   rElec:     It insulates you from electricity.
   +Blink:    It lets you blink.
 u - the +3 mace of the Fray {vorpal, rC+ Int+2}
   (You took it off a skeletal warrior on level 12 of the Dungeon)

   It inflicts extra damage upon your enemies.
   Int:       It affects your intelligence (+2).
   rC:        It protects you from cold.
Missiles
 h - a curare-tipped dart
 l - 90 poisoned darts
 G - 2 throwing nets
 H - 1079 stones
 U - 27 boomerangs
 X - 87 sling bullets (quivered ammo)
Armour
 s - a +5 ring mail of willpower (worn)
 M - a +2 helmet (worn)
 R - the +5 scale mail "Guneden" {Drain +Blink rPois Int+2}
   (You bought it in a shop on level 5 of the Dungeon)

   Int:       It affects your intelligence (+2).
   rPois:     It protects you from poison.
   +Blink:    It lets you blink.
   Drain:     It drains your maximum health when unequipped.
 T - a +0 kite shield (worn)
 V - a scarf of repulsion (worn)
Magical Staves
 a - a staff of poison
 F - a staff of fire
Jewellery
 f - a ring of see invisible
 k - a +4 ring of protection (right hand) {=R}
 m - an amulet of the acrobat (around neck)
 p - the ring "Nemmoudo" (left hand) {rF+ Int+4 Dex+6}
   (You took it off a skeletal warrior on level 13 of the Dungeon)

   [ring of dexterity]

   Int:       It affects your intelligence (+4).
   Dex:       It affects your dexterity (+6).
   rF:        It protects you from fire.
 y - a +4 ring of protection
 I - an amulet of regeneration
 L - a +6 ring of dexterity
Wands
 x - a wand of polymorph (9)
 J - a wand of flame (37)
 K - a wand of digging (7)
Scrolls
 d - 7 scrolls of identify {@r1}
 e - a scroll of magic mapping
 g - 2 scrolls of holy word
 w - a scroll of fog
 C - a scroll of torment
 Y - 9 scrolls of teleportation
Potions
 j - 5 potions of ambrosia
 o - 5 potions of haste
 r - 5 potions of magic
 t - 3 potions of lignification
 z - 3 potions of might
 A - 13 potions of curing
 B - 3 potions of cancellation
 D - a potion of heal wounds
 P - 2 potions of flight
 S - 6 potions of brilliance
 Z - 2 potions of attraction
Miscellaneous
 v - a tin of tremorstones (inert)
 N - a box of beasts (inert)


   Skills:
 + Level 11.7 Fighting
 + Level 11.7 Short Blades
 + Level 11.7 Long Blades
 + Level 11.7 Axes
 + Level 11.7 Maces & Flails
 + Level 11.7 Polearms
 + Level 11.7 Staves
 + Level 11.7 Slings
 + Level 11.7 Bows
 + Level 11.7 Crossbows
 + Level 11.7 Throwing
 + Level 11.7 Armour
 + Level 12.4 Dodging
 + Level 12.3 Stealth
 + Level 11.7 Shields
 + Level 11.7 Unarmed Combat
 + Level 12.6 Spellcasting
 + Level 12.0 Conjurations
 + Level 10.0 Hexes
 + Level 10.0 Summonings
 + Level 10.0 Necromancy
 + Level 10.0 Translocations
 + Level 10.0 Transmutations
 + Level 10.0 Fire Magic
 + Level 10.0 Ice Magic
 + Level 10.0 Air Magic
 + Level 10.0 Earth Magic
 + Level 10.0 Poison Magic
 + Level 12.6 Invocations
 + Level 11.7 Evocations


You had one spell level left.
You knew the following spells:

 Your Spells              Type           Power      Damage    Failure   Level
a - Summon Lightning Spi  Summ/Air       60%        N/A       1%          4
b - Searing Ray           Conj           100%       3d7       1%          2
c - Fulminant Prism       Conj/Hex       31%        3d16      1%          4
d - Borgnjor's Vile Clut  Necr/Erth      30%        N/A       5%          5
e - Iskenderun's Mystic   Conj/Tloc      63%        2d13      1%          4
f - Lesser Beckoning      Tloc           30%        N/A       1%          3
g - Swiftness             Air            60%        N/A       1%          3
h - Teleport Other        Tloc           60%        N/A       1%          3
i - Lee's Rapid Deconstr  Erth           30%        3d17*     5%          5
j - Animate Dead          Necr           30%        N/A       1%          4
k - Dazzling Flash        Conj/Hex       100%       N/A       1%          3

Your spell library contained the following spells:

 Spells                   Type           Power      Damage    Failure   Level
 Magic Dart               Conj           100%       1d8       1%          1
 Pain                     Necr           100%       1d9       1%          1
 Static Discharge         Conj/Air       63%        N/A       1%          2
 Call Canine Familiar     Summ           60%        N/A       1%          3
 Gell's Gravitas          Tloc           30%        N/A       1%          3
 Portal Projectile        Hex/Tloc       100%       N/A       1%          3
 Cause Fear               Hex            30%        N/A       1%          4
 Leda's Liquefaction      Hex/Erth       30%        N/A       1%          4
 Irradiate                Conj/Tmut      31%        3d23      3%          5
 Agony                    Necr           60%        N/A       5%          5
 Blade Hands              Tmut           30%        N/A       5%          5
 Excruciating Wounds      Necr           30%        N/A       5%          5
 Conjure Ball Lightning   Conj/Air       31%        3x3d10    21%         6
 Death Channel            Necr           30%        N/A       30%         6
 Eringya's Noxious Bog    Tmut/Pois      30%        N/A       30%         6
 Invisibility             Hex            30%        N/A       30%         6
 Dragon Form              Tmut           30%        N/A       86%         7
 Discord                  Hex            30%        N/A       100%        8
 Disjunction              Tloc           30%        N/A       100%        8
 Chain Lightning          Conj/Air       31%        3d42      100%        9
 Fire Storm               Conj/Fire      31%        8d8       100%        9


Dungeon Overview and Level Annotations

Branches:
Dungeon (15/15)            Temple (1/1) D:7            Lair (6/6) D:9
  Swamp (3/4) Lair:2        Snake (3/4) Lair:4        Slime (0/5) Lair:6
    Orc (2/2) D:11            Elf (0/3) Orc:2        Vaults (0/5) D:13
 Depths (0/5) D:15

Altars:
Ashenzari
Cheibriados
Dithmenos
Elyvilon
Fedhas
Gozag
Hepliaklqana
Kikubaaqudgha
Makhleb
Nemelex Xobeh
Okawaru
Ru
Sif Muna
Trog
Uskayaw
Vehumet
Wu Jian
Xom
Yredelemnul
Zin
The Shining One
Beogh
Jiyva

Shops:
D:1 !   D:5 [[   D:6 *   D:14 [   Orc:2 :*[(   Snake:2 :

Portals:
Trove: D:13 (give 4 scrolls of fog)

Annotations:
D:6 3 runed translucent doors, lunkers's ghost, amateur DjWr; tinescath's ghost, novice MfGl
D:12 exclusion: downstairs
Lair:3 exclusion: 2 doors
Lair:4 3 runed translucent doors, Lesmeliq's ghost, journeyman HuWn; bande's ghost, journeyman GrFi
Lair:6 1 runed translucent door
Snake:1 3 runed translucent doors, mdk's ghost, adept VSMo
Snake:2 Roxanne


Innate Abilities, Weirdness & Mutations

Your life essence is reduced to manifest your ancestor. (-10% HP)
You have very sharp teeth.
Your uncanny sense of smell can sniff out nearby items.
Your experience applies equally to all skills.


Message History

The naga warrior constricts your lightning spire.
The guardian serpent hits Vusi!
Vusi hits the guardian serpent with a +0 broad axe of flaming.
Vusi burns the guardian serpent.
The naga warrior hits you with a +0 battleaxe!
The naga warrior hits your lightning spire with a +0 battleaxe!
Your lightning spire is destroyed!
The naga warrior grabs you. The naga warrior constricts you.
The naga spits poison at you. The splash of poison hits you!
You are more poisoned.
The zombie hands constrict the naga warrior!
You feel sick.
The guardian serpent coils itself and waves its upper body at you.
The naga warrior blinks!
The naga warrior spits poison at you. You block the splash of poison.
Vusi hits the guardian serpent but does no damage.
Vusi blocks the guardian serpent's attack.
The naga warrior hits you with a +0 battleaxe!!
The naga warrior constricts you. The naga spits poison at you.
The splash of poison hits you.
You are more poisoned.
The zombie hands constrict the naga warrior.
You feel very sick. The naga warrior closely misses you.
Vusi blocks the guardian serpent's attack.
Vusi hits the guardian serpent with a +0 broad axe of flaming!
Vusi burns the guardian serpent.
The naga warrior hits you with a +0 battleaxe!
The naga warrior constricts you.
The zombie hands constrict the naga warrior!
You feel sick.
The guardian serpent hits Vusi!!
You block the naga warrior's attack.
Vusi hits the guardian serpent with a +0 broad axe of flaming!
Vusi burns the guardian serpent.
The guardian serpent dies!
The naga warrior hits you with a +0 battleaxe!!!
You die...

∆ #..(. #..† #
#.R# .. #..
...#####+#.#
...........#
.....#./§(.#
....#..N<..#
......N@N.##
.......)..#
.............
...............
##......#+##.#.
####..## ## ##.
..


You could see the friendly Vusi the knight, 2 naga warriors and a naga (strong,
catching breath).

Vanquished Creatures
  Asterion (Snake:1)
  A frost giant (shapeshifter) (D:13)
  A dire elephant (Lair:6)
  A fire dragon (D:15)
  A naga warrior (Snake:1)
  2 boulder beetles
  An anaconda (Swamp:3)
  7 hydras
  4 centaur warriors
  A catoblepas (Lair:3)
  2 two-headed ogres
  Urug (D:12)
  An orc high priest (Orc:2)
  4 alligators
  2 death yaks
  6 naga sharpshooters
  2 shock serpents (Snake:1)
  Sonja (Lair:4)
  5 skeletal warriors
  2 slime creatures (D:13)
  A goliath frog (Swamp:3)
  A lindwurm (Lair:6)
  A swamp dragon (Swamp:2)
  A swamp dragon (shapeshifter) (D:13)
  A bog body (Swamp:3)
  A mana viper (Snake:1)
  2 manticores
  An orc knight (Orc:1)
  A necromancer (D:15)
  4 will-o-the-wisps
  4 orc sorcerers
  2 deep elf pyromancers
  2 wolf spiders
  2 salamanders (Snake:2)
  6 ugly things
  2 cyclopes
  10 black mambas
  5 cane toads
  4 komodo dragons
  A tengu conjurer (D:14)
  A guardian mummy (D:15)
  A troll (D:13)
  2 polar bears (Lair:3)
  A hornet (Swamp:2)
  12 blink frogs
  A dream sheep (Lair:6)
  A spriggan (shapeshifter) (D:13)
  2 spriggans (Swamp:2)
  A wraith (D:13)
  A shadow (D:9)
  A wyvern (shapeshifter) (D:13)
  A wyvern (Lair:4)
  A basilisk (Lair:6)
  14 yaks
  A steam dragon (D:8)
  A warg (D:11)
  8 nagas
  5 swamp worms
  7 water moccasins
  An acid dragon (D:9)
  A sky beast (D:5)
  A necrophage (D:5)
  3 ogres
  8 orc warriors
  2 wolves
  9 centaurs
  3 boggarts (D:15)
  4 lemures (D:9)
  A kobold brigand (D:7)
  3 bullfrogs
  2 scorpions
  2 water moccasin zombies (D:6)
  7 killer bees
  3 electric eels
  A centaur zombie (D:5)
  12 orc priests
  2 gnoll shamans
  Natasha (D:3)
  Ijyb (D:4)
  Terence (D:2)
  2 iguanas (D:6)
  9 orc wizards
  2 howler monkey zombies
  11 gnolls
  10 adders
  10 white imps (D:13)
  An ufetubus (D:5)
  2 worms
  The ghost of DocClef the Covert, a weakling GnDe (D:5)
  3 dart slugs
  37 orcs
  6 endoplasms
  4 giant cockroaches
  16 goblins
  12 hobgoblins
  3 jackals
  7 kobolds
  2 quokkas
  9 ball pythons
  3 bats
  A frilled lizard (D:1)
  7 rats
386 creatures vanquished.

Vanquished Creatures (collateral kills)
  Saint Roka (Orc:2)
  Rupert (D:14)
  Kirke (D:15)
  An orc warlord (Orc:2)
  An entropy weaver (shapeshifter) (D:13)
  4 bunyips
  A dire elephant (Lair:6)
  A shambling mangrove (Swamp:3)
  A great orb of eyes (D:13)
  10 hydras
  A hydra (shapeshifter) (D:13)
  A boulder beetle (D:14)
  2 catoblepae
  5 naga warriors
  5 anacondas
  2 centaur warriors (D:13)
  2 tengu warriors
  6 alligators
  3 two-headed ogres
  2 shock serpents (Snake:1)
  2 orc high priests (Orc:2)
  3 naga sharpshooters
  2 death yaks (Lair:6)
  6 spriggans
  6 skeletal warriors
  A fire crab (D:14)
  A naga ritualist (Snake:1)
  3 bog bodies
  5 spriggan druids
  3 swamp dragons
  A wizard (D:15)
  Pikel (D:9)
  3 orc knights (Orc:2)
  A fire giant zombie (D:15)
  3 deep elf pyromancers (D:15)
  5 orc sorcerers
  12 ugly things
  A frost giant zombie (D:15)
  2 mana vipers (Snake:1)
  7 cyclopes
  2 elephants (Lair:6)
  2 manticores
  8 black mambas
  2 guardian serpents
  5 naga magi
  A torpor snail (Lair:6)
  9 cane toads
  3 gargoyles
  2 unseen horrors
  Maggie (D:9)
  2 efreet
  3 komodo dragons
  4 rime drakes
  A tengu conjurer (D:13)
  A freezing wraith (D:15)
  2 meliai (D:13)
  4 trolls
  3 tyrant leeches
  6 hornets
  A polar bear (Lair:3)
  5 slime creatures (D:13)
  7 blink frogs
  A dream sheep (Lair:6)
  4 wyverns
  A yak (shapeshifter) (D:13)
  A shadow (D:13)
  3 vampires
  A wyvern (shapeshifter) (D:13)
  21 yaks
  3 wraiths
  14 vampire mosquitoes
  2 basilisks
  2 wargs
  11 swamp worms
  9 nagas
  An acid dragon (D:14)
  11 water moccasins
  A floating eye (shapeshifter) (D:13)
  A sky beast (D:6)
  A black bear (Lair:3)
  21 orc warriors
  4 wolves (Lair:1)
  A tengu (shapeshifter) (D:15)
  A boggart (D:15)
  3 ogres
  5 centaurs
  9 bullfrogs
  A hornet simulacrum (D:15)
  4 killer bees
  A wight (D:8)
  A nameless horror (Swamp:1)
  6 centaur zombies
  2 hounds
  18 orc priests
  A bullfrog skeleton (D:5)
  A centaur skeleton (D:7)
  A gnoll shaman (D:4)
  An iguana (D:5)
  10 orc wizards
  A killer bee zombie (D:8)
  A hound zombie (D:5)
  A hound skeleton (D:4)
  A howler monkey zombie (D:9)
  Robin (D:3)
  7 adders
  6 gnolls
  2 white imps (D:13)
  2 worms (D:3)
  2 dart slugs
  38 orcs
  2 endoplasms
  A giant cockroach (D:3)
  2 hobgoblins
  A jackal (D:5)
  3 goblins
  2 kobolds (D:7)
445 creatures vanquished.

Vanquished Creatures (others)
  A hydra (D:13)
  2 centaur warriors (D:13)
  A two-headed ogre (D:13)
  A vampire mage (D:15)
  A lindwurm (Lair:6)
  A tengu zombie (D:15)
  A cane toad (Lair:6)
  A manticore (Lair:6)
  A stone giant skeleton (D:15)
  A troll (D:13)
  7 humans (D:15)
  A yak (Lair:6)
  A black bear (shapeshifter) (D:15)
  35 knights
  A quokka (D:13)
  3 ancestors
  9 foxfires
  39 fulminant prisms
  65 fungi
  140 plants
  17 withered plants
329 creatures vanquished.

Grand Total: 1160 creatures vanquished

Notes
Turn   | Place    | Note
-------+----------+-------------------------------------------
     0 | D:1      | dolemite99 the Gnoll Conjurer began the quest for the Orb.
     0 | D:1      | Reached XP level 1. HP: 13/13 MP: 6/6
   388 | D:1      | Found a faded altar of an unknown god.
   403 | D:1      | Became a worshipper of Hepliaklqana the Forgotten
   403 | D:1      | Reached * piety under Hepliaklqana
   439 | D:1      | Reached XP level 2. HP: 17/17 MP: 3/7
   646 | D:1      | Found Wacipty's Distillery.
  1034 | D:1      | Bought a potion of curing for 33 gold pieces
  1123 | D:1      | Reached XP level 3. HP: 10/22 MP: 7/9
  1132 | D:1      | Reached skill level 5 in Spellcasting
  1744 | D:1      | Learned a level 2 spell: Searing Ray
  1833 | D:2      | Noticed Terence
  1892 | D:2      | Killed Terence
  1893 | D:2      | Reached skill level 1 in Fighting
  1893 | D:2      | Reached skill level 1 in Short Blades
  1893 | D:2      | Reached skill level 1 in Long Blades
  1893 | D:2      | Reached skill level 1 in Axes
  1893 | D:2      | Reached skill level 1 in Maces & Flails
  1893 | D:2      | Reached skill level 1 in Polearms
  1893 | D:2      | Reached skill level 1 in Staves
  1893 | D:2      | Reached skill level 1 in Slings
  1893 | D:2      | Reached skill level 1 in Bows
  1893 | D:2      | Reached skill level 1 in Crossbows
  1893 | D:2      | Reached skill level 1 in Throwing
  1893 | D:2      | Reached skill level 1 in Armour
  1893 | D:2      | Reached skill level 1 in Shields
  1893 | D:2      | Reached skill level 1 in Unarmed Combat
  1893 | D:2      | Reached skill level 1 in Invocations
  1893 | D:2      | Reached skill level 1 in Evocations
  1893 | D:2      | Reached XP level 4. HP: 28/28 MP: 2/11
  2039 | D:2      | Learned a level 3 spell: Dazzling Flash
  2702 | D:2      | Reached ** piety under Hepliaklqana
  2703 | D:2      | Remembered your ancestor Vusi as a knight
  2771 | D:2      | Reached skill level 1 in Hexes
  2771 | D:2      | Reached skill level 1 in Summonings
  2771 | D:2      | Reached skill level 1 in Necromancy
  2771 | D:2      | Reached skill level 1 in Translocations
  2771 | D:2      | Reached skill level 1 in Transmutations
  2771 | D:2      | Reached skill level 1 in Fire Magic
  2771 | D:2      | Reached skill level 1 in Ice Magic
  2771 | D:2      | Reached skill level 1 in Air Magic
  2771 | D:2      | Reached skill level 1 in Earth Magic
  2771 | D:2      | Reached skill level 1 in Poison Magic
  2972 | D:3      | Reached XP level 5. HP: 33/33 MP: 6/12
  3487 | D:3      | Found a snail-covered altar of Cheibriados.
  3570 | D:3      | Noticed Natasha
  3576 | D:3      | Killed Natasha
  3675 | D:3      | Noticed Robin
  3691 | D:3      | Killed Robin
  3963 | D:3      | Found an ancient bone altar of Kikubaaqudgha.
  4215 | D:3      | Reached XP level 6. HP: 39/39 MP: 11/13
  4768 | D:4      | Reached skill level 5 in Dodging
  4987 | D:4      | Reached *** piety under Hepliaklqana
  5287 | D:4      | Found a shimmering altar of Xom.
  5346 | D:4      | Noticed Ijyb
  5365 | D:4      | Found a bloodstained altar of Trog.
  5725 | D:5      | Entered Level 5 of the Dungeon
  5725 | D:5      | Found Leuxt's Armour Emporium.
  5730 | D:5      | Noticed a necrophage
  5735 | D:5      | Killed a necrophage
  5736 | D:5      | Reached XP level 7. HP: 44/45 MP: 4/15
  7096 | D:5      | Reached skill level 5 in Stealth
  7251 | D:5      | Learned a level 4 spell: Fulminant Prism
  7358 | D:5      | Bought a +0 leather armour of cold resistance for 99 gold
                  | pieces
  7461 | D:5      | Found Qigone's Antique Armour Shoppe.
  7494 | D:5      | Found a runed translucent gate.
  7495 | D:5      | Found a runed translucent gate.
  7545 | D:5      | Found a runed translucent gate.
  7551 | D:5      | Noticed DocClef's ghost (weakling GnDe)
  7634 | D:5      | Reached XP level 8. HP: 32/52 MP: 8/16
  8082 | D:5      | Killed DocClef's ghost
  8169 | D:4      | Killed Ijyb
  8415 | D:1      | Bought a potion of heal wounds for 55 gold pieces
  9106 | D:6      | Found a burning altar of Makhleb.
  9243 | D:1      | Bought a potion of heal wounds for 55 gold pieces
  9243 | D:1      | Bought a potion of curing for 33 gold pieces
  9243 | D:1      | Bought a potion of lignification for 33 gold pieces
  9524 | D:6      | Found a runed translucent gate.
  9524 | D:6      | Found a runed translucent gate.
  9524 | D:6      | Found a runed translucent gate.
  9524 | D:6      | Noticed tinescath's ghost (novice MfGl)
  9525 | D:6      | Noticed lunkers's ghost (amateur DjWr)
  9542 | D:6      | Found Peeq's CLEARANCE SALE! EVERYTHING MUST GO!.
  9554 | D:6      | Reached XP level 9. HP: 58/58 MP: 14/18
 10003 | D:7      | Found a staircase to the Ecumenical Temple.
 10088 | Temple   | Entered the Ecumenical Temple
 10248 | D:8      | Found an ornate altar of the Wu Jian Council.
 10248 | D:8      | Reached **** piety under Hepliaklqana
 10452 | D:7      | Found a hide-covered altar of Uskayaw.
 10452 | D:7      | Noticed a +0 dagger
 10452 | D:7      | Noticed a +0 short sword
 10452 | D:7      | Noticed a +0 falchion
 10452 | D:7      | Noticed a +0 short sword
 10453 | D:7      | Noticed a +0 falchion
 10454 | D:7      | Noticed a +0 dagger
 10455 | D:7      | Noticed a +0 spear
 10456 | D:7      | Noticed a +0 spear
 10941 | D:6      | Bought a potion of heal wounds for 30 gold pieces
 12173 | D:8      | Reached skill level 5 in Invocations
 13389 | D:9      | Reached XP level 10. HP: 36/65 MP: 20/20
 13583 | D:9      | Found a basalt altar of Yredelemnul.
 13637 | D:9      | Noticed Maggie
 13644 | D:9      | Killed Maggie
 13645 | D:9      | Reached skill level 5 in Fighting
 13645 | D:9      | Reached skill level 5 in Short Blades
 13645 | D:9      | Reached skill level 5 in Long Blades
 13645 | D:9      | Reached skill level 5 in Axes
 13645 | D:9      | Reached skill level 5 in Maces & Flails
 13645 | D:9      | Reached skill level 5 in Polearms
 13645 | D:9      | Reached skill level 5 in Staves
 13645 | D:9      | Reached skill level 5 in Slings
 13645 | D:9      | Reached skill level 5 in Bows
 13645 | D:9      | Reached skill level 5 in Crossbows
 13645 | D:9      | Reached skill level 5 in Throwing
 13645 | D:9      | Reached skill level 5 in Armour
 13645 | D:9      | Reached skill level 5 in Shields
 13645 | D:9      | Reached skill level 5 in Unarmed Combat
 13645 | D:9      | Reached skill level 5 in Evocations
 13733 | D:9      | Learned a level 4 spell: Iskenderun's Mystic Blast
 14208 | D:9      | Noticed Pikel
 14215 | D:9      | Killed Pikel
 14425 | D:9      | Found a blossoming altar of Fedhas.
 14818 | D:9      | Found a white marble altar of Elyvilon.
 14937 | D:9      | Found a staircase to the Lair.
 15372 | D:10     | Entered Level 10 of the Dungeon
 15376 | D:10     | Found a flagged portal.
 15647 | D:11     | Noticed a two-headed ogre
 15656 | D:11     | Killed a two-headed ogre
 15766 | D:11     | Killed an unseen horror
 15767 | D:11     | Reached XP level 11. HP: 62/72 MP: 18/22
 16049 | D:11     | Reached skill level 5 in Hexes
 16049 | D:11     | Reached skill level 5 in Summonings
 16049 | D:11     | Reached skill level 5 in Necromancy
 16049 | D:11     | Reached skill level 5 in Translocations
 16049 | D:11     | Reached skill level 5 in Transmutations
 16049 | D:11     | Reached skill level 5 in Fire Magic
 16049 | D:11     | Reached skill level 5 in Ice Magic
 16049 | D:11     | Reached skill level 5 in Air Magic
 16049 | D:11     | Reached skill level 5 in Earth Magic
 16049 | D:11     | Reached skill level 5 in Poison Magic
 16133 | D:11     | Found a staircase to the Orcish Mines.
 16190 | D:11     | Noticed a cyclops
 16197 | D:11     | Killed a cyclops
 16235 | D:10     | Noticed a cyclops
 16545 | D:11     | Killed a cyclops
 16753 | Lair:1   | Entered Level 1 of the Lair of Beasts
 16906 | D:5      | Bought a twisted scale mail for 180 gold pieces
 16906 | D:5      | Identified the +5 scale mail "Guneden" {Drain +Blink rPois
                  | Int+2} (You bought it in a shop on level 5 of the Dungeon)
 17583 | Lair:1   | Reached ***** piety under Hepliaklqana
 18239 | Lair:2   | Noticed a seven-headed hydra
 18249 | Lair:2   | Killed a seven-headed hydra
 18250 | Lair:2   | Reached XP level 12. HP: 80/80 MP: 18/24
 18359 | Lair:2   | Noticed a four-headed hydra
 18361 | Lair:2   | Killed a four-headed hydra
 19065 | Lair:2   | Noticed a six-headed hydra
 19076 | Lair:2   | Killed a six-headed hydra
 19211 | Lair:2   | Found a staircase to the Swamp.
 19959 | Lair:3   | Noticed a catoblepas
 19968 | Lair:3   | Killed a catoblepas
 20530 | Lair:3   | Noticed a four-headed hydra
 20539 | Lair:3   | Killed a four-headed hydra
 21200 | Lair:4   | Noticed Sonja
 21202 | Lair:4   | Noticed a death yak
 21202 | Lair:4   | Noticed a catoblepas
 21205 | Lair:4   | Killed Sonja
 21655 | Lair:4   | Killed a catoblepas
 21680 | Lair:4   | Killed a death yak
 21842 | Lair:4   | Identified the +2 dagger "Patupif" {distort, *Noise rElec
                  | Dex+3}
 21985 | Lair:4   | Found a runed translucent gate.
 21985 | Lair:4   | Found a runed translucent gate.
 21985 | Lair:4   | Found a runed translucent gate.
 21991 | Lair:4   | Noticed bande's ghost (journeyman GrFi)
 21991 | Lair:4   | Noticed Lesmeliq's ghost (journeyman HuWn)
 22000 | Lair:4   | Reached XP level 13. HP: 88/88 MP: 22/26
 22563 | Lair:4   | Found a staircase to the Snake Pit.
 24169 | Lair:5   | Learned a level 4 spell: Iskenderun's Mystic Blast
 24912 | Lair:5   | Reached skill level 10 in Conjurations
 25491 | D:6      | Bought a book of Displacement for 144 gold pieces
 25496 | D:6      | Learned a level 3 spell: Lesser Beckoning
 25500 | D:6      | Learned a level 3 spell: Teleport Other
 25794 | Lair:6   | Entered Level 6 of the Lair of Beasts
 25889 | Lair:6   | HP: 4/89 [black mamba (9)]
 26655 | Lair:6   | Found a runed translucent door.
 26655 | Lair:6   | Found a viscous altar of Jiyva.
 26656 | Lair:6   | Found a staircase to the Slime Pits.
 27234 | Lair:6   | Reached skill level 10 in Spellcasting
 27561 | Lair:6   | Noticed a dire elephant
 27587 | Lair:6   | Killed a dire elephant
 27936 | Lair:6   | Reached XP level 14. HP: 95/95 MP: 20/28
 28108 | Lair:6   | Reached skill level 10 in Dodging
 28568 | Lair:6   | Noticed a dire elephant
 28582 | Lair:6   | Killed a dire elephant
 29280 | D:12     | Reached skill level 10 in Stealth
 29603 | D:12     | Noticed Urug
 29620 | D:12     | Killed Urug
 30273 | Orc:1    | Entered Level 1 of the Orcish Mines
 30297 | Orc:1    | Reached skill level 10 in Invocations
 31021 | Orc:2    | Entered Level 2 of the Orcish Mines
 31045 | Orc:2    | Found a staircase to the Elven Halls.
 31304 | Orc:2    | Noticed Saint Roka
 33540 | D:13     | Identified the +10 great sword of Gallantry {drain, rCorr
                  | Str+5}
 33723 | D:13     | Noticed an azure jelly
 33726 | D:13     | Reached XP level 15. HP: 103/103 MP: 24/29
 33726 | D:13     | Noticed a frost giant
 33726 | D:13     | an azure jelly changed into a frost giant
 33729 | D:13     | Identified the +5 short sword of Noteing {holy, +Blink
                  | rElec Int+2}
 33733 | D:13     | Killed a frost giant
 34224 | D:13     | Identified the +3 mace of the Fray {vorpal, rC+ Int+2}
 34229 | D:13     | Identified the ring "Nemmoudo" {rF+ Int+4 Dex+6}
 35350 | D:13     | Identified the +2 long sword of the Howling Badger {vamp,
                  | rN++ Int+3}
 35779 | D:13     | Noticed a storm dragon
 35931 | D:13     | Reached skill level 10 in Fighting
 35931 | D:13     | Reached skill level 10 in Short Blades
 35931 | D:13     | Reached skill level 10 in Long Blades
 35931 | D:13     | Reached skill level 10 in Axes
 35931 | D:13     | Reached skill level 10 in Maces & Flails
 35931 | D:13     | Reached skill level 10 in Polearms
 35931 | D:13     | Reached skill level 10 in Staves
 35931 | D:13     | Reached skill level 10 in Slings
 35931 | D:13     | Reached skill level 10 in Bows
 35931 | D:13     | Reached skill level 10 in Crossbows
 35931 | D:13     | Reached skill level 10 in Throwing
 35931 | D:13     | Reached skill level 10 in Armour
 35931 | D:13     | Reached skill level 10 in Shields
 35931 | D:13     | Reached skill level 10 in Unarmed Combat
 35931 | D:13     | Reached skill level 10 in Evocations
 36322 | D:13     | Got the Compendium of Aerial Venom
 36334 | D:13     | Learned a level 4 spell: Summon Lightning Spire
 36994 | D:13     | Found a portal to a secret trove of treasure.
 37175 | D:13     | Found a white marble altar of Elyvilon.
 37390 | D:13     | Found a gate to the Vaults.
 38322 | D:14     | Noticed Rupert
 38337 | D:14     | Killed Rupert
 39213 | D:14     | Found Meak's Armour Shop.
 40004 | D:15     | Entered Level 15 of the Dungeon
 40710 | D:15     | Reached XP level 16. HP: 110/110 MP: 26/31
 41359 | D:15     | Learned a level 3 spell: Swiftness
 41365 | D:15     | Learned a level 5 spell: Lee's Rapid Deconstruction
 41454 | D:15     | Killed Kirke
 42118 | D:15     | Identified the +2 trident "Demonbane" {protect, Stlth+}
 42168 | D:15     | Found a staircase to the Depths.
 42681 | Orc:2    | Killed Saint Roka
 42696 | Orc:2    | Paralysed by an orc sorcerer for 4 turns
 43062 | Orc:1    | Upgraded the game from 0.27-a0-1513-g2aaa0cc67b to
                  | 0.27-a0-1525-g1038ab4fd7
 44224 | Orc:2    | Paralysed by an orc sorcerer for 2 turns
 44278 | Orc:2    | Paralysed by an orc sorcerer for 5 turns
 45471 | Orc:2    | Found Othaxe Taf's General Store.
 45474 | Orc:2    | Found Lotsixko's Book Shoppe.
 45476 | Orc:2    | Found Pyju Mum's Antique Armour Emporium.
 45476 | Orc:2    | Found Mucakuh's Antique Weapon Emporium.
 45560 | Orc:2    | Bought a faintly humming ring mail for 261 gold pieces
 45560 | Orc:2    | Identified the +4 ring mail of Jackelen {Harm +Inv Fly
                  | Stlth-} (You bought it in a shop on level 2 of the Orcish
                  | Mines)
 45563 | Orc:2    | Bought a glowing cloak for 217 gold pieces
 45567 | Orc:2    | Bought a glowing ring mail for 203 gold pieces
 45584 | Orc:2    | Bought a glimmering rapier for 324 gold pieces
 45584 | Orc:2    | Identified the +7 rapier "Ziat" {flame, Int+3} (You bought
                  | it in a shop on level 2 of the Orcish Mines)
 45788 | Orc:2    | Bought a potion of haste for 120 gold pieces
 46103 | Swamp:1  | Entered Level 1 of the Swamp
 47196 | Swamp:1  | Got the Grimoire of Beguiling
 47391 | Swamp:1  | Identified the +3 ring mail of Death Resistance {+Inv}
 49383 | Swamp:2  | Reached XP level 17. HP: 72/117 MP: 33/33
 50798 | Snake:1  | Entered Level 1 of the Snake Pit
 51420 | Snake:1  | Found a runed translucent gate.
 51420 | Snake:1  | Found a runed translucent gate.
 51421 | Snake:1  | Noticed mdk's ghost (adept VSMo)
 51421 | Snake:1  | Found a runed translucent gate.
 52254 | Snake:1  | Noticed Asterion
 52285 | Snake:1  | Killed Asterion
 52945 | Snake:2  | Reached skill level 10 in Hexes
 52945 | Snake:2  | Reached skill level 10 in Summonings
 52945 | Snake:2  | Reached skill level 10 in Necromancy
 52945 | Snake:2  | Reached skill level 10 in Translocations
 52945 | Snake:2  | Reached skill level 10 in Transmutations
 52945 | Snake:2  | Reached skill level 10 in Fire Magic
 52945 | Snake:2  | Reached skill level 10 in Ice Magic
 52945 | Snake:2  | Reached skill level 10 in Air Magic
 52945 | Snake:2  | Reached skill level 10 in Earth Magic
 52945 | Snake:2  | Reached skill level 10 in Poison Magic
 53478 | Snake:2  | Found Rocul's Book Boutique.
 53497 | Snake:2  | Identified Roxanne's Papyrus of the Rocks
 53497 | Snake:2  | Noticed Roxanne
 53942 | Snake:2  | Bought a book of Unlife for 720 gold pieces
 53947 | Snake:2  | Learned a level 4 spell: Animate Dead
 53953 | Snake:2  | Learned a level 5 spell: Borgnjor's Vile Clutch
 53999 | Snake:3  | Slain by a naga warrior

Illustrated notes

Levels and vault maps discovered:
D:1:      dpeg_arrival_long_road, layout_loops_ring,
          shapermc_ecumenical_altar_ellora, serial_shops, nicolae_diamond_shop,
          minmay_misc_feat_four_crosses
D:2:      minmay_alternating_diamond, layout_basic, uniq_terence
D:3:      layout_loops_ring, nicolae_kikubaaqudgha_miasma_corner,
          cheibrodos_worm_habitat, uniq_robin, uniq_natasha
D:4:      layout_loops_cross, mainiacjoe_overflow_boulevard, bloody_trog,
          uniq_ijyb
D:5:      layout_cave_pools, gammafunk_ghost_necromancy, serial_shops,
          nicolae_shop_trees, shop
D:6:      layout_rooms, mainiacjoe_overflow_alcove_2, gammafunk_ghost_cemetery,
          nicolae_shop_clearance
D:7:      layout_loops_cross, nicolae_uskayaw_en_pointe,
          minmay_temple_entry_proselytizer
D:8:      layout_basic, mainiacjoe_overflow_brackets, serial_glass,
          glass_columns_a, glass_columns_a, kennysheep_opposing_triangles
D:9:      layout_basic, mainiacjoe_overflow_cross_hatched,
          mainiacjoe_overflow_chevrons,
          mainiacjoe_overflow_concentric_impassable, david_lair_shrubbed,
          st_stairs_11, skrybe_limestone_x, abandoned_shop, uniq_maggie,
          uniq_pikel
D:10:     layout_rooms, amcnicky_altar_gilded, enter_bailey_5, kennysheep_potato
D:11:     layout_rooms, david_orc_3
D:12:     layout_rooms, uniq_urug
D:13:     minmay_the_grid_square_5x5_5x5_mashed
          [minmay_the_grid_square_5x5_six_small, minmay_the_grid_square_5x5_six,
          minmay_the_grid_square_5x5_mess,
          minmay_the_grid_square_5x5_checkered_sparse,
          minmay_the_grid_square_5x5_detours,
          minmay_the_grid_square_5x5_dogpile,
          minmay_the_grid_square_5x5_prize_junk,
          minmay_the_grid_square_5x5_fancy_junction,
          minmay_the_grid_square_5x5_prize_monsterx,
          minmay_the_grid_square_5x5_hourglass,
          minmay_the_grid_square_5x5_checkered,
          minmay_the_grid_square_5x5_gyroscope,
          minmay_the_grid_square_5x5_prize_pseudospiral,
          minmay_the_grid_square_5x5_bracketed,
          minmay_the_grid_square_5x5_inset, minmay_the_grid_square_5x5_forky,
          minmay_the_grid_square_5x5_prize_snowflake,
          minmay_the_grid_square_5x5_misaligned,
          minmay_the_grid_square_5x5_prize_waves,
          minmay_the_grid_square_5x5_longway,
          minmay_the_grid_square_5x5_almost_minimal,
          minmay_the_grid_square_5x5_three_small,
          minmay_the_grid_square_5x5_spiral_small,
          minmay_the_grid_square_5x5_checkered_statues,
          minmay_the_grid_square_5x5_inner_v], layout_loops_corners,
          david_vaults_1, portal_ice_cave_entry_imps, enter_trove_6,
          grunt_decor_resistance, elyvilon_altar_4
D:14:     layout_cave_pools, serial_park_square1 [serial_park_minivault_5x5_4],
          serial_shops, nicolae_stop_n_shop_1, uniq_rupert
D:15:     gammafunk_depths_entry_grave, layout_loops_ring,
          chequers_serial_rivers_large_a, uniq_kirke
Temple:   pf_slime_end_temple
Lair:1:   layout_cellular_growth, grunt_forest_stairs_basic
Lair:2:   layout_regular_city, palyth_hydra_swamp_entry, minivault_24
Lair:3:   layout_regular_city, infiniplex_staircase_pool, grunt_megastairs_4
Lair:4:   layout_concentric_octagons, minmay_snake_entry_guardpost_medium,
          gammafunk_ghost_cemetery, nicolae_lair_yak_garden, uniq_sonja
Lair:5:   minmay_lair_venomous_thicket, layout_misc_corridors
Lair:6:   hangedman_lair_in_review, layout_cave_pods, slime_altar_2,
          serial_bayou_shore_b
Swamp:1:  layout_basic_swamp, nicolae_swamp_long_stream, swamp_pool3,
          statue_in_the_mist_lemuel, nicolae_swamp_tree_designs
Swamp:2:  layout_basic_swamp, evilmike_swamp_ruin_house_2, swamp_pool2
Swamp:3:  layout_basic_swamp, evilmike_swamp_ruin_house_5,
          nicolae_swamp_snake_nest
Snake:1:  layout_misc_corridors, gammafunk_ghost_necromancy, lemuel_fruit_tree,
          uniq_asterion
Snake:2:  layout_onion, serial_shops, nicolae_stop_n_shop_2,
          serial_bayou_shore_b, uniq_roxanne
Snake:3:  layout_cave_town, serial_shops, bzr_entry_dummy, grunt_ministairs_15
Orc:1:    layout_caves, basic_altar, guppyfry_library_mini
Orc:2:    st_orc_congregation, layout_caves, basic_altar, uniq_saint_roka

Skill      XL: |  1  2  3  4  5  6  7  8  9 10 11 12 13 14 15 16 17 |
---------------+----------------------------------------------------+-----
Spellcasting   | 5 6 7 8 9 10 11 12 | 12.6
Fighting       | 1 2 3 4 5 6 7 8 9 10 11 | 11.7
Short Blades   | 1 2 3 4 5 6 7 8 9 10 11 | 11.7
Long Blades    | 1 2 3 4 5 6 7 8 9 10 11 | 11.7
Axes           | 1 2 3 4 5 6 7 8 9 10 11 | 11.7
Maces & Flails | 1 2 3 4 5 6 7 8 9 10 11 | 11.7
Polearms       | 1 2 3 4 5 6 7 8 9 10 11 | 11.7
Staves         | 1 2 3 4 5 6 7 8 9 10 11 | 11.7
Slings         | 1 2 3 4 5 6 7 8 9 10 11 | 11.7
Bows           | 1 2 3 4 5 6 7 8 9 10 11 | 11.7
Crossbows      | 1 2 3 4 5 6 7 8 9 10 11 | 11.7
Throwing       | 1 2 3 4 5 6 7 8 9 10 11 | 11.7
Armour         | 1 2 3 4 5 6 7 8 9 10 11 | 11.7
Shields        | 1 2 3 4 5 6 7 8 9 10 11 | 11.7
Unarmed Combat | 1 2 3 4 5 6 7 8 9 10 11 | 11.7
Invocations    | 1 2 3 4 5 6 7 8 9 10 11 12 | 12.6
Evocations     | 1 2 3 4 5 6 7 8 9 10 11 | 11.7
Hexes          | 1 2 3 4 5 6 7 8 9 10 | 10.0
Summonings     | 1 2 3 4 5 6 7 8 9 10 | 10.0
Necromancy     | 1 2 3 4 5 6 7 8 9 10 | 10.0
Translocations | 1 2 3 4 5 6 7 8 9 10 | 10.0
Transmutations | 1 2 3 4 5 6 7 8 9 10 | 10.0
Fire Magic     | 1 2 3 4 5 6 7 8 9 10 | 10.0
Ice Magic      | 1 2 3 4 5 6 7 8 9 10 | 10.0
Air Magic      | 1 2 3 4 5 6 7 8 9 10 | 10.0
Earth Magic    | 1 2 3 4 5 6 7 8 9 10 | 10.0
Poison Magic   | 1 2 3 4 5 6 7 8 9 10 | 10.0
Dodging        | 5 6 7 8 9 10 11 12 | 12.4
Stealth        | 5 6 7 8 9 10 11 12 | 12.3
Conjurations   | 8 9 10 11 12 | 12.0

Action                   |  1- 3 |  4- 6 |  7- 9 | 10-12 | 13-15 | 16-18 || total
-------------------------+-------+-------+-------+-------+-------+-------++-------
Melee: Trident           |     7 |       |       |   101 |    36 |     4 ||   148
       Rapier            |       |    13 |    12 |    16 |    12 |       ||    53
       Bite              |       |     1 |     1 |     5 |    13 |    13 ||    33
       Punch             |       |     1 |       |     2 |     3 |       ||     6
       Dagger            |       |       |       |       |     2 |       ||     2
       Long sword        |       |       |       |       |    29 |    54 ||    83
       Short sword       |       |       |       |       |    21 |    20 ||    41
       Staff             |       |       |       |       |       |     8 ||     8
 Fire: Shortbow          |       |       |    62 |    52 |   265 |       ||   379
       Arbalest          |       |       |     9 |    35 |       |       ||    44
       Fustibalus        |       |       |       |       |   433 |   229 ||   662
Throw: Stone             |     4 |       |       |       |       |       ||     4
       Dart              |       |    42 |    48 |    66 |    11 |    55 ||   222
       Javelin           |       |       |    10 |    46 |     4 |    68 ||   128
       Boomerang         |       |       |       |    48 |       |   101 ||   149
       Throwing net      |       |       |       |       |     5 |     1 ||     6
 Cast: Magic Dart        |    45 |    76 |    13 |     2 |     5 |       ||   141
       Searing Ray       |     2 |    14 |    35 |    31 |    61 |    43 ||   186
       Fulminant Prism   |       |       |     1 |    15 |    23 |       ||    39
       Dazzling Flash    |       |       |       |     7 |    11 |     3 ||    21
       Teleport Other    |       |       |       |       |    20 |    21 ||    41
       Iskenderun's Myst |       |       |       |       |    22 |     3 ||    25
       Summon Lightning  |       |       |       |       |     8 |    59 ||    67
       Borgnjor's Vile C |       |       |       |       |       |     1 ||     1
Invok: Ancestor Life: Kn |       |     1 |       |       |       |       ||     1
       Recall Ancestor   |       |     1 |     1 |     1 |    15 |    13 ||    31
       Transference      |       |       |     1 |       |       |     1 ||     2
       Idealise          |       |       |       |     4 |    23 |     5 ||    32
 Abil: Evoke Blink       |       |       |       |       |     2 |     1 ||     3
Evoke: Wand              |       |       |     5 |    13 |    67 |    13 ||    98
       Box of beasts     |       |       |       |       |     1 |     6 ||     7
       Tin of tremorston |       |       |       |       |       |     6 ||     6
  Use: Scroll            |       |       |    15 |    16 |    12 |     9 ||    52
       Potion            |       |       |       |     1 |     4 |     3 ||     8
 Stab: Distracted        |       |     1 |       |     1 |       |     1 ||     3
       Paralysed         |       |       |     2 |       |     4 |       ||     6
       Invisible         |       |       |       |     1 |     1 |     4 ||     6
       Sleeping          |       |       |       |       |     1 |       ||     1
Armor: Robe              |     1 |     4 |       |       |       |       ||     5
       Leather armour    |       |       |     5 |     2 |       |       ||     7
       Acid dragon scale |       |       |       |    11 |       |       ||    11
       Scale mail        |       |       |       |    67 |   193 |    30 ||   290
       Ring mail         |       |       |       |       |       |    64 ||    64
Dodge: Dodged            |    19 |    22 |    71 |   133 |   262 |   264 ||   771
       Repelled          |       |       |       |       |       |    10 ||    10
Block: Kite shield       |       |       |       |       |    82 |   205 ||   287
       Rpst.: Long sword |       |       |       |       |     1 |     7 ||     8

Table legend: (Time is in decaauts)
 A = Elapsed time spent in this place.
 B = Non-inter-level travel time spent in this place.
 C = Inter-level travel time spent in this place.
 D = Time resting spent in this place.
 E = Time spent auto-exploring this place.
 F = Levels seen in this place.
 G = Mean time per level.
                   A        B        C        D        E       F      G
               +--------+--------+--------+--------+--------+-----+--------+
         Total |  54151 |  50194 |   3957 |  24253 |  17758 |  30 | 1805.0 |
       Dungeon |  28549 |  25903 |   2646 |  12763 |   9115 |  15 | 1903.3 |
        Temple |    133 |    121 |     12 |      0 |    121 |   1 |  133.0 |
          Lair |  12015 |  11188 |    827 |   4749 |   4720 |   6 | 2002.5 |
         Swamp |   4735 |   4609 |    126 |   2601 |   1195 |   3 | 1578.3 |
     Snake Pit |   3171 |   3129 |     42 |   1255 |   1277 |   3 | 1057.0 |
  Orcish Mines |   5546 |   5245 |    301 |   2882 |   1329 |   2 | 2773.0 |
               +--------+--------+--------+--------+--------+-----+--------+

Top non-repeatable levels by time:
    D:13: 3639 daAuts
    D:12: 3316 daAuts
   Orc:1: 3271 daAuts
  Lair:6: 3135 daAuts
    D:15: 2620 daAuts
     D:8: 2608 daAuts
 Swamp:2: 2468 daAuts
     D:9: 2343 daAuts
     D:4: 2333 daAuts
   Orc:2: 2274 daAuts
  Lair:4: 2114 daAuts
  Lair:2: 2060 daAuts
  Lair:5: 1940 daAuts
 Swamp:1: 1899 daAuts
     D:5: 1881 daAuts
